 Dungeon Crawl Stone Soup version 0.22.0-18-ge075c0d (console) character file.

27057 removed the Carver (level 13, -3/90 HPs)
             Began as a Halfling Conjurer on Aug 18, 2018.
             Was a High Priest of Okawaru.
             Slain by a catoblepas (18 damage)
             ... on level 6 of the Lair of Beasts.
             The game lasted 00:52:12 (25407 turns).

removed the Carver (Halfling Conjurer)             Turns: 25407, Time: 00:52:12

Health: -3/90      AC: 16    Str: 13    XL:     13   Next: 62%
Magic:  19/19      EV: 26    Int: 13    God:    Okawaru [*****.]
Gold:   316        SH:  0    Dex: 16    Spells: 17/20 levels left

rFire    . . .     SeeInvis .   a - +1 scimitar (flame)
rCold    + + .     Gourm    .   (shield restricted)
rNeg     . . .     Faith    .   L - +2 leather armour {rC+}
rPois    .         Spirit   .   u - +0 helmet
rElec    .         Reflect  .   F - +0 cloak
rCorr    .         Harm     .   r - +1 pair of gloves
MR       .....                  A - +0 pair of boots
Stlth    ++++......             d - amulet of Divine Compulsion {RegenMP rC+}
HPRegen  0.25/turn              o - ring of stealth
MPRegen  0.41/turn              Y - +5 ring of protection

@: heroism
A: small, mutation resistance 1
a: Heroism, Finesse, Renounce Religion


You were on level 6 of the Lair of Beasts.
You worshipped Okawaru.
Okawaru was extremely pleased with you.
You were hungry.

You visited 2 branches of the dungeon, and saw 17 of its levels.

You collected 976 gold pieces.
You spent 660 gold pieces at shops.

Inventory:

Hand Weapons
 a - a +1 scimitar of flaming (weapon)
 b - a +1 dagger of venom
 y - a +0 blowgun
Missiles
 N - a throwing net (quivered)
Armour
 r - a +1 pair of gloves (worn)
 u - a +0 helmet (worn)
 A - a +0 pair of boots (worn)
 B - a +1 leather armour of fire resistance
 F - a +0 cloak (worn)
 L - a +2 leather armour of cold resistance (worn)
 Q - a +0 robe of cold resistance
 X - a +2 plate armour of fire resistance
Jewellery
 d - the amulet of Divine Compulsion (around neck) {RegenMP rC+}
   (You found it on level 2 of the Lair of Beasts)

   [amulet of magic regeneration]

   It increases your magic regeneration.
   It protects you from cold.
 o - a ring of stealth (left hand)
 w - an uncursed ring of see invisible
 K - an uncursed amulet of guardian spirit {unknown}
 M - an uncursed ring of ice
 Y - a +5 ring of protection (right hand)
Wands
 C - a wand of disintegration (1)
 V - a wand of acid (6)
 Z - a wand of iceblast (9)
Scrolls
 i - 7 scrolls of teleportation
 l - a scroll of blinking
 q - 3 scrolls of enchant weapon
 v - 3 scrolls of fog
 z - 3 scrolls of enchant armour
 I - a scroll of vulnerability {unknown}
 J - a scroll of magic mapping {unknown}
 O - 4 scrolls of amnesia
 P - a scroll of torment {unknown}
 R - 2 scrolls of identify
 T - 6 scrolls of remove curse
 W - a scroll of fear
Potions
 e - 4 potions of might
 h - 11 potions of curing
 j - 3 potions of flight
 s - a potion of ambrosia
 t - a potion of invisibility {unknown}
 x - a potion of magic
 D - 3 potions of mutation
 G - 4 potions of haste
 H - a potion of heal wounds {unknown}
 S - a potion of cancellation
 U - 3 potions of brilliance
Miscellaneous
 n - a lightning rod (4/4)
Comestibles
 c - 20 rations
 E - 2 chunks of flesh


   Skills:
 + Level 8.8(13.8) Fighting
 - Level 14.0(19.0) Long Blades
 - Level 10.1(15.1) Dodging
 - Level 2.1(7.1) Stealth
 - Level 4.0 Spellcasting
 - Level 6.0 Conjurations
 - Level 8.0 Invocations


You had 17 spell levels left.
You knew the following spells:

 Your Spells              Type           Power        Failure   Level  Hunger
a - Magic Dart            Conj           ###.         2%          1    None
b - Searing Ray           Conj           ###...       3%          2    ##.....

Your spell library contained the following spells:

 Spells                   Type           Power        Failure   Level  Hunger
 Dazzling Spray           Conj/Hex       ##....       22%         3    ###....
 Iskenderun's Mystic Bla  Conj           ###.....     22%         4    ####...
 Corona                   Hex            #......      26%         1    None
 Slow                     Hex            #.......     36%         2    ##.....
 Inner Flame              Hex/Fire       #.......     58%         3    ###....
 Portal Projectile        Hex/Tloc       #.....       58%         3    ###....
 Force Lance              Conj/Tloc      ##......     58%         4    ####...
 Fulminant Prism          Conj/Hex       ##........   58%         4    ####...
 Cause Fear               Hex            #.........   94%         4    ####...
 Leda's Liquefaction      Hex/Erth       #.........   94%         4    ####...


Dungeon Overview and Level Annotations

Branches:
Dungeon (11/15)            Temple (0/1) D:6            Lair (6/6) D:9
 Shoals (0/4) Lair:4       Spider (0/4) Lair:3        Slime (0/5) Lair:5
    Orc (0/2) D:9

Altars:
Ashenzari
Elyvilon
Okawaru
Ru
Uskayaw
Xom
Zin
The Shining One
Jiyva

Shops:
D:4 %   D:11 :[}:=

Annotations:
D:10 exclusion: two-headed ogre
D:11 Josephine
Lair:2 exclusion: black mamba
Lair:5 1 runed door


Innate Abilities, Weirdness & Mutations

You are small and have problems with some larger weapons.
You are somewhat resistant to further mutation.


Message History

You slice the catoblepas!! You burn the catoblepas!
The catoblepas is severely wounded.
The catoblepas misses you.
Unknown command.
You hit the catoblepas but do no damage.
The catoblepas is severely wounded.
The catoblepas gores you!
* * * LOW HITPOINT WARNING * * *
Unknown command.
Press: ? - help, v - describe, . - travel
Here: a catoblepas (severely wounded)
The floor, spattered with blood.
You hit the catoblepas but do no damage.
The catoblepas is severely wounded.
Unknown command.
You hit the catoblepas. You burn the catoblepas.
You punch the catoblepas, but do no damage.
The catoblepas is severely wounded.
The catoblepas gores you!!
You die...

#.#..###............... .
##..P......P.P..#...#.# #.
#...............##### #.
##...##......P.##########.
#...............##.#...#..
#..PP..#..§..##.# #...P.Y.
##..P.##..§..# ####....P..
#....###.#.### #...##...
#.......#@Y..# ##l.###Y.
##...........### #P...###P
######PP......###P<### ##
##.......#.##..#
#..#.<...#....# #
#####.......### # #
#.......## #
##.#........######
#...(.##...PP.P.#.


You could see a catoblepas.

Vanquished Creatures
  5 hydras
  Erica (Lair:2)
  An ugly thing (D:11)
  A centaur zombie (D:11)
  A manticore (Lair:4)
  9 elephants
  3 black mambas
  3 rime drakes
  4 komodo dragons
  6 spiny frogs
  2 trolls
  8 hippogriffs
  9 blink frogs
  A hornet (D:10)
  7 yaks
  2 wyverns
  A wraith (D:10)
  4 basilisks
  7 porcupines
  Duvessa (D:7)
  9 water moccasins
  4 orc warriors
  An ice beast (D:5)
  7 ogres
  A phantom (D:9)
  An eye of draining (D:11)
  5 centaurs
  10 wolves (Lair:3)
  10 crocodiles
  2 big kobolds
  15 bullfrogs
  Dowan (D:7)
  4 scorpions
  22 killer bees
  4 wights (D:9)
  A howler monkey (D:5)
  4 crimson imps
  A quasit (D:9)
  A bullfrog zombie (D:10)
  6 hounds
  12 orc wizards
  6 orc priests
  A centaur skeleton (D:5)
  7 worker ants
  2 hound zombies
  4 hound skeletons
  3 gnolls (D:5)
  14 adders
  A howler monkey skeleton (D:5)
  2 shadow imps
  3 oozes
  2 adder skeletons (D:5)
  2 dart slugs
  4 worms
  6 leopard geckos
  38 orcs
  9 giant cockroaches
  5 goblins
  6 hobgoblins
  9 jackals
  5 quokkas
  A ball python (D:5)
  6 bats
  4 frilled lizards
  9 kobolds
  A leopard gecko zombie (D:5)
  7 rats
354 creatures vanquished.

Vanquished Creatures (others)
  A bush (Lair:6)
  11 fungi
  12 plants (Lair:6)
24 creatures vanquished.

Grand Total: 378 creatures vanquished

Notes
Turn   | Place    | Note
-------+----------+-------------------------------------------
     0 | D:1      | removed the Halfling Conjurer began the quest for the Orb.
     0 | D:1      | Reached XP level 1. HP: 11/11 MP: 3/3
   337 | D:1      | Reached XP level 2. HP: 17/17 MP: 2/4
   715 | D:1      | Reached XP level 3. HP: 17/21 MP: 0/5
  1413 | D:2      | Found a glowing silver altar of Zin.
  1414 | D:2      | Found a shimmering altar of Xom.
  1416 | D:2      | Found a shattered altar of Ashenzari.
  1417 | D:2      | Found a white marble altar of Elyvilon.
  1417 | D:2      | Found an iron altar of Okawaru.
  1417 | D:2      | Found a sacrificial altar of Ru.
  2006 | D:2      | Became a worshipper of Warmaster Okawaru
  2024 | D:2      | Reached XP level 4. HP: 20/27 MP: 0/7
  2523 | D:3      | Reached XP level 5. HP: 20/31 MP: 0/8
  3112 | D:2      | Learned a level 2 spell: Searing Ray
  3218 | D:2      | Reached skill level 1 in Fighting
  3554 | D:3      | Noticed a big kobold
  3651 | D:3      | Reached XP level 6. HP: 39/39 MP: 3/9
  3903 | D:3      | Reached * piety under Okawaru
  4139 | D:4      | Found a glowing golden altar of the Shining One.
  4139 | D:4      | Found a hide-covered altar of Uskayaw.
  4183 | D:4      | Found an iron altar of Okawaru.
  4730 | D:4      | Found Ferr's Food Shoppe.
  4782 | D:5      | Entered Level 5 of the Dungeon
  4828 | D:5      | Reached skill level 5 in Dodging
  4828 | D:5      | Reached XP level 7. HP: 31/46 MP: 1/10
  4960 | D:5      | Reached ** piety under Okawaru
  5255 | D:5      | Reached XP level 8. HP: 54/54 MP: 11/11
  5599 | D:5      | Reached skill level 5 in Conjurations
  6241 | D:6      | Found a staircase to the Ecumenical Temple.
  7138 | D:6      | Reached *** piety under Okawaru
  7504 | D:7      | Noticed Duvessa
  7512 | D:7      | Reached XP level 9. HP: 58/59 MP: 6/13
  7516 | D:7      | Noticed Dowan
  7534 | D:7      | Killed Duvessa
  7551 | D:7      | Killed Dowan
  7946 | D:7      | Reached skill level 5 in Invocations
  8681 | D:8      | Reached **** piety under Okawaru
  9802 | D:9      | Found a staircase to the Lair.
 10106 | D:9      | Reached XP level 10. HP: 65/65 MP: 1/16
 10458 | D:9      | Found a staircase to the Orcish Mines.
 10468 | D:9      | Reached skill level 5 in Fighting
 10848 | D:9      | Noticed a two-headed ogre
 11996 | D:10     | Entered Level 10 of the Dungeon
 12178 | D:10     | Paralysed by a hornet for 3 turns
 12388 | D:9      | Reached ***** piety under Okawaru
 12825 | D:10     | Noticed a two-headed ogre
 12849 | D:10     | Found a shimmering altar of Xom.
 12891 | D:10     | Reached skill level 10 in Dodging
 13254 | D:11     | Found Cuajosost's Armour Shoppe.
 13462 | D:11     | Found Esishresu's Gadget Shop.
 13550 | D:11     | Reached XP level 11. HP: 35/75 MP: 3/17
 13714 | D:11     | Found Laxzad's Book Shoppe.
 13936 | D:11     | Noticed a cyan ugly thing
 13957 | D:11     | Killed a cyan ugly thing
 14478 | D:11     | Noticed Josephine
 15309 | D:11     | Found Kazi's Book Emporium.
 15627 | D:11     | Found Kyosoel's Jewellery Shop.
 15882 | Lair:1   | Entered Level 1 of the Lair of Beasts
 16019 | Lair:1   | Reached skill level 1 in Long Blades
 16235 | Lair:1   | Reached skill level 2 in Long Blades
 16424 | Lair:1   | Reached skill level 3 in Long Blades
 16481 | Lair:1   | Reached skill level 4 in Long Blades
 17365 | Lair:2   | Reached skill level 5 in Long Blades
 17582 | Lair:2   | Noticed Erica
 17609 | Lair:2   | Killed Erica
 17615 | Lair:2   | Reached skill level 6 in Long Blades
 18258 | Lair:2   | Noticed a seven-headed hydra
 18282 | Lair:2   | Reached skill level 7 in Long Blades
 18420 | Lair:2   | Got a shimmering jade amulet
 18422 | Lair:2   | Identified the amulet of Divine Compulsion {RegenMP rC+} (You found it on level 2 of the Lair of Beasts)
 18528 | Lair:2   | Reached XP level 12. HP: 60/83 MP: 18/18
 19135 | Lair:2   | Received a gift from Okawaru
 19135 | Lair:2   | Reached skill level 8 in Long Blades
 19445 | D:11     | Bought a +5 ring of protection for 660 gold pieces
 19724 | Lair:2   | Killed a four-headed hydra
 19924 | Lair:3   | Reached skill level 9 in Long Blades
 20114 | Lair:3   | Found a hole to the Spider Nest.
 20427 | Lair:3   | Reached skill level 10 in Long Blades
 21514 | Lair:4   | Reached skill level 11 in Long Blades
 21618 | Lair:4   | Found a staircase to the Shoals.
 21792 | Lair:4   | Noticed a five-headed hydra
 21798 | Lair:4   | Killed a three-headed hydra
 22149 | Lair:5   | Noticed a five-headed hydra
 22150 | Lair:5   | Noticed a four-headed hydra
 22185 | Lair:5   | Killed a one-headed hydra
 22187 | Lair:5   | Killed a one-headed hydra
 22187 | Lair:5   | Received a gift from Okawaru
 22187 | Lair:5   | Reached skill level 12 in Long Blades
 22187 | Lair:5   | Reached XP level 13. HP: 9/88 MP: 19/19
 22978 | Lair:5   | Reached ****** piety under Okawaru
 23091 | Lair:5   | Found a runed door.
 23094 | Lair:5   | Found a viscous altar of Jiyva.
 23095 | Lair:5   | Found a staircase to the Slime Pits.
 23112 | Lair:5   | Noticed a five-headed hydra
 23128 | Lair:5   | Killed a one-headed hydra
 23139 | Lair:5   | Reached skill level 13 in Long Blades
 23561 | Lair:6   | Entered Level 6 of the Lair of Beasts
 24003 | Lair:5   | HP: 3/88 [elephant (17)]
 24862 | Lair:6   | Reached skill level 14 in Long Blades
 25239 | Lair:6   | Noticed a catoblepas
 25407 | Lair:6   | Slain by a catoblepas

Skill      XL: |  1  2  3  4  5  6  7  8  9 10 11 12 13 |
---------------+----------------------------------------+-----
Conjurations   | 4 5 6 |  6.0
Spellcasting   | 2 3 4 |  4.0
Dodging        | 3 4 5 6 7 8 10 | 10.1
Fighting       | 2 3 4 7 8 |  8.8
Invocations    | 5 6 8 |  8.0
Long Blades    | 7 12 14 | 14.0
Stealth        | |  2.1

Action                   |  1- 3 |  4- 6 |  7- 9 | 10-12 | 13-15 || total
-------------------------+-------+-------+-------+-------+-------++-------
Melee: Unarmed           |    10 |       |       |       |       ||    10
       Dagger            |    57 |    51 |       |   271 |       ||   379
       Short sword       |       |    55 |    45 |       |       ||   100
       Whip              |       |       |   139 |   132 |       ||   271
       Scimitar          |       |       |       |   314 |   251 ||   565
       Punch             |       |       |       |     6 |     4 ||    10
 Cast: Magic Dart        |    69 |    87 |    68 |    58 |       ||   282
       Searing Ray       |       |    12 |    54 |    60 |       ||   126
Invok: Heroism           |       |       |     1 |    15 |     5 ||    21
Evoke: Wand              |       |     3 |     6 |    14 |       ||    23
       Lightning rod     |       |       |       |     3 |       ||     3
  Use: Potion            |       |     2 |       |     6 |     1 ||     9
       Scroll            |       |     5 |    11 |     7 |     1 ||    24
 Stab: Sleeping          |       |       |     1 |     5 |     2 ||     8
       Distracted        |       |       |       |     1 |       ||     1
  Eat: Chunk             |     5 |    11 |    22 |    27 |    10 ||    75
       Ration            |       |       |       |     4 |       ||     4
Armor: Robe              |    12 |    32 |    21 |       |       ||    65
       Leather armour    |       |       |    35 |   145 |    60 ||   240
       Skin              |       |       |       |    10 |       ||    10
Dodge: Dodged            |    63 |   127 |   308 |  1004 |   220 ||  1722
       Rpst.: Scimitar   |       |       |       |   116 |    52 ||   168
